cohdb
Replays
Latest Replays
All Replays
Popular Replays
Top Player Replays
Match Explorer
How It Works
Community
CoH3 Stats
Reddit
Sign in to upload your games and track your stats! →
Sign in with Steam
Match 42831639
Unlisted
Match 42831639
Overview
Messages
Build Orders
End
Vickers Machine Gun Team
Construct Section Command Post
Selects Indian Artillery Battlegroup
Dingo Light Scout Car
Infantry Section
Infantry Section
Selects Towed ML 4.2-inch Heavy Mortar
Towed ML 4.2-inch Heavy Mortar
Construct Platoon Command Post
CMP 15cwt Truck
Selects Valour
Construct Company Command Post
Selects Gurkha Rifles Section
Gurkha Rifles Section
Crusader II Medium Tank
Forward Retreat Point
Crusader II Medium Tank
Selects Off-map Airburst Barrage
Selects Pillage
Crusader II Medium Tank
Off-map Airburst Barrage
Matilda II Heavy Tank
Royal Engineer Section
Off-map Airburst Barrage
ドルーギー
Tiarts
Bananenratte
Nico-Nico-Nii~~
0
0
Comments
sign in to comment!
No comments posted yet!